 Dungeon Crawl Stone Soup version 0.31-a0-150-g89dc3ad700 (webtiles) character file.

Game seed: 13948421294376421909

249 qw the Shooter (level 6, -2/37 HPs)
             Began as a Gargoyle Hunter on June 8, 2023.
             Slain by a water moccasin (4 damage)
             ... on level 5 of the Dungeon.
             The game lasted 00:00:44 (1562 turns).

qw the Shooter (Gargoyle Hunter)                    Turns: 1562, Time: 00:00:44

Health: -2/37      AC: 10    Str: 14    XL:     6   Next: 12%
Magic:  6/6        EV: 11    Int: 10    God:
Gold:   5          SH:  0    Dex: 15    Spells: 5/5 levels left

rFire   . . .        Y - +2 longbow (flame)
rCold   . . .        (shield currently unavailable)
rNeg    + . .        b - +0 ring mail
rPois   inf          (no helmet)
rElec   +            a - +0 cloak
rCorr   .            (no gloves)
SInv    .            (no boots)
Will    +....        (no amulet)
Stlth   +            e - ring of willpower
HPRegen 0.26/turn    (no ring)
MPRegen 0.10/turn

%: no passive effects
@: about to teleport
A: sickness immunity, AC +4, negative energy resistance 1, electricity
resistance, torment resistance 1, petrification resistance
a: no special abilities


You were on level 5 of the Dungeon.
You visited 1 branch of the dungeon, and saw 4 of its levels.

You collected 75 gold pieces.
You spent 70 gold pieces at shops.


Innate Abilities, Weirdness & Mutations

You are immune to sickness and miasma.
Your stone body is resilient. (AC +4)
You are immune to poison.
You resist negative energy. (rN+)
You are resistant to electric shocks. (rElec)
You are resistant to unholy torment.
You are immune to petrification.


   Skills:
 + Level 3.1 Fighting
 - Level 6.6 Ranged Weapons
 - Level 1.6 Armour
 - Level 1.5 Dodging
 - Level 1.1 Stealth


You had 5 spell levels left.
You didn't know any spells.
Your spell library was empty.

Inventory:

Hand Weapons
 Y - a +2 longbow of flaming (weapon)
Armour
 a - a +0 cloak (worn)
 b - a +0 ring mail (worn)
Jewellery
 e - a ring of willpower (left hand)
Scrolls
 d - 3 scrolls of identify
Potions
 g - a potion of resistance {unknown}
 h - a potion of enlightenment {unknown}
 k - a potion of cancellation {unknown}

Dungeon Overview and Level Annotations

Branches:
Dungeon (3/15)

Altars:

Shops:
D:1 ?   D:3 *   D:5 *

Annotations:
D:2 1 runed translucent door, Crazy Yiuf


Message History

2 water moccasins come into view.
The water moccasin hisses angrily. x2
You shoot an arrow. The arrow hits the water moccasin.
The arrow burns the water moccasin.
The water moccasin is lightly wounded.
The water moccasin barely misses you.
You shoot an arrow.
The arrow barely misses the water moccasin.
The arrow completely misses the water moccasin.
The water moccasin bites you.
You shoot an arrow.
The arrow hits the water moccasin but does no damage.
The water moccasin is lightly wounded.
The water moccasin bites you.
The water moccasin bites you but does no damage. x3
You shoot an arrow.
The arrow barely misses the water moccasin.
The water moccasin bites you but does no damage.
The water moccasin bites you. x2; The water moccasin bites you!
You shoot an arrow. The arrow hits the water moccasin!
The arrow burns the water moccasin!
The water moccasin is almost dead.
The water moccasin bites you but does no damage.
The water moccasin barely misses you. The water moccasin bites you. x2
You shoot an arrow. The arrow hits the water moccasin!
The arrow burns the water moccasin.
You kill the water moccasin!
The water moccasin closely misses you. The water moccasin bites you.
Your Ranged Weapons skill increases to level 6!
You have reached level 6!
1561 ||| READING scroll of teleportation.
As you read the scroll of teleportation, it crumbles to dust.
You feel strangely unstable. The water moccasin bites you.
The water moccasin bites you but does no damage.
You shoot an arrow.
The arrow hits the water moccasin but does no damage.
The water moccasin bites you but does no damage.
The water moccasin bites you.
You die...

..........#.#
#..........#.#
#..........#.##
#.............##
..........##..##
..........###..#
.........#####.#
.........#...#%#
........'.\.S@#
.......#...###
..... ###


You could see a water moccasin.

Vanquished Creatures
  A water moccasin (D:5)
  An iguana (D:5)
  Terence (D:2)
  3 adders (D:2)
  An ufetubus (D:5)
  A worm (D:2)
  2 dart slugs
  8 endoplasms
  4 giant cockroaches
  3 goblins
  3 hobgoblins
  2 kobolds (D:2)
  3 quokkas
  4 ball pythons
  5 bats
  3 frilled lizards
  4 rats
49 creatures vanquished.

Notes
Turn   | Place    | Note
-------+----------+-------------------------------------------
     0 | D:1      | qw the Gargoyle Hunter began the quest for the Orb.
     0 | D:1      | Reached XP level 1. HP: 12/12 MP: 1/1
     0 | D:1      | 0 ||| qw: Version: 0.2-a-119-g7aa9181
     0 | D:1      | 0 ||| qw: Game counter: 2888
     0 | D:1      | 0 ||| qw: Always use a shield: true
     0 | D:1      | 0 ||| qw: God list: Okawaru
     0 | D:1      | 0 ||| qw: Allow faded altars: false
     0 | D:1      | 0 ||| qw: Do Orc after D:15 true
     0 | D:1      | 0 ||| qw: Do second Lair branch before Depths: true
     0 | D:1      | 0 ||| qw: Lair rune preference: random
     0 | D:1      | 0 ||| qw: Plans: Normal
     0 | D:1      | 0 ||| PLANNING D:1-11
    13 | D:1      | Found Mucyikk's Magic Scroll Shop.
    22 | D:1      | 22 ||| SHOPLISTING scroll of enchant weapon (97 gold, have
                  | 0).
    22 | D:1      | 22 ||| SHOPLISTING scroll of identify (26 gold, have 0).
    22 | D:1      | 22 ||| SHOPLISTING scroll of teleportation (39 gold, have
                  | 0).
   165 | D:1      | Reached XP level 2. HP: 17/17 MP: 2/2
   504 | D:1      | 504 ||| UPGRADING to ring of willpower.
   505 | D:1      | 505 ||| READING scroll labelled QIDIUMAUHI.
   506 | D:1      | 506 ||| READING scroll labelled MISCHI ZYMIMPE.
   507 | D:1      | 507 ||| DROPPING scroll of butterflies.
   566 | D:2      | Found a runed translucent door.
   567 | D:2      | Noticed Crazy Yiuf
   678 | D:2      | Reached skill level 5 in Ranged Weapons
   678 | D:2      | Reached XP level 3. HP: 15/21 MP: 3/3
   867 | D:2      | 867 ||| UPGRADING to +0 cloak.
   872 | D:2      | 872 ||| READING scroll labelled HETHORGHAM.
   934 | D:2      | Noticed Terence
   938 | D:2      | Killed Terence
   939 | D:2      | Reached skill level 3 in Fighting
   939 | D:2      | Reached XP level 4. HP: 28/28 MP: 4/4
   945 | D:2      | 945 ||| STAIRDANCE
  1053 | D:2      | 1053 ||| SWAPPING to +2 longbow of draining.
  1054 | D:2      | 1054 ||| DROPPING +0 shortbow.
  1352 | D:2      | 1352 ||| UPGRADING to +0 ring mail.
  1362 | D:2      | 1362 ||| DROPPING +0 leather armour.
  1363 | D:2      | 1363 ||| READING scroll labelled BITHYD XULO.
  1364 | D:2      | 1364 ||| READING scroll labelled PUUVUSHRUPRO.
  1367 | D:2      | 1367 ||| READING scroll labelled DOESIS VIXE.
  1368 | D:2      | 1368 ||| READING scroll labelled AKHLAO LIASANEBY.
  1502 | D:3      | Found Vycourch's General Store.
  1507 | D:3      | 1507 ||| BUYING scroll of identify (20 gold).
  1507 | D:3      | Bought a scroll of identify for 20 gold pieces
  1507 | D:3      | 1507 ||| BUYING scroll of identify (20 gold).
  1507 | D:3      | Bought a scroll of identify for 20 gold pieces
  1507 | D:3      | 1507 ||| BUYING scroll of teleportation (30 gold).
  1507 | D:3      | Bought a scroll of teleportation for 30 gold pieces
  1520 | D:3      | You fall into a shaft and drop 2 floors!
  1520 | D:5      | Entered Level 5 of the Dungeon
  1534 | D:5      | Reached skill level 1 in Armour
  1534 | D:5      | Reached XP level 5. HP: 31/32 MP: 5/5
  1554 | D:5      | Found Bomarreamn's Serpentskin Sales.
  1554 | D:5      | Noticed a water moccasin
  1554 | D:5      | Noticed a water moccasin
  1560 | D:5      | Killed a water moccasin
  1560 | D:5      | HP: 4/32 [water moccasin (6)]
  1561 | D:5      | Reached skill level 6 in Ranged Weapons
  1561 | D:5      | Reached XP level 6. HP: 4/37 MP: 6/6
  1561 | D:5      | 1561 ||| READING scroll of teleportation.
  1562 | D:5      | Slain by a water moccasin

Levels and vault maps discovered:
D:1:      amcnicky_arrival_choice, layout_loops_ring, serial_shops, shop,
          minmay_misc_feat_doors
D:2:      minmay_chambers_of_ones, layout_rooms, minmay_tripent, uniq_terence,
          uniq_crazy_yiuf_cottage
D:3:      layout_loops_corners, serial_rivers, chequers_serial_rivers_large_b,
          chequers_serial_rivers_micro_c, chequers_serial_rivers_micro_b,
          chequers_serial_rivers_small_a, chequers_serial_rivers_small_3,
          chequers_serial_rivers_small_b, serial_shops,
          nicolae_shop_tiny_real_fake_doors
D:5:      layout_basic, cheibriados_altar_1, general_overflow_altar,
          minmay_temple_entry_wispy, chequers_serial_rivers_marsh,
          guppyfry_shop_venom, uniq_edmund

Skill      XL: |  1  2  3  4  5 |
---------------+----------------+-----
Ranged Weapons | 5 6 |  6.6
Fighting       | 3 |  3.1
Armour         | 1 |  1.6
Dodging        | |  1.5
Stealth        | |  1.1

Action                     |  1- 3 |  4- 6 || total
---------------------------+-------+-------++-------
   Fire: Shortbow          |    97 |    29 ||   126
         Longbow           |       |    46 ||    46
    Use: Scroll            |     3 |     5 ||     8
 Armour: Leather armour    |    16 |    12 ||    28
         Ring mail         |       |     7 ||     7
  Dodge: Dodged            |    40 |    27 ||    67

Table legend:
 A = Non-vault XP
 B = Vault XP
 C = Vault XP percentage of total XP
 D = Non-vault monster count
 E = Vault monster count
 F = Vault count percentage of total count
                 A         B        C        D         E       F
            +---------+---------+-------+---------+---------+-------
      Total |     141 |     216 |  60.5 |      40 |       9 |  18.4
            +---------+---------+-------+---------+---------+-------
        D:1 |      26 |       0 |   0.0 |      16 |       0 |   0.0
        D:2 |      65 |      57 |  46.7 |      20 |       8 |  28.6
        D:3 |       3 |       0 |   0.0 |       2 |       0 |   0.0
        D:5 |      47 |     159 |  77.2 |       2 |       1 |  33.3
            +---------+---------+-------+---------+---------+-------
